 Dungeon Crawl Stone Soup version 0.32-a0-120-gfac0567ad4 (webtiles) character file.

Game seed: 11022165048288216876

11 Bravepunisher the Ducker (level 2, -1/16 HPs)
             Began as a Spriggan Monk on Feb 6, 2024.
             Slain by a lemure (5 damage)
             ... led by Pikel
             ... on level 4 of the Dungeon.
             The game lasted 00:01:06 (214 turns).

Bravepunisher the Ducker (Spriggan Monk)             Turns: 214, Time: 00:01:10

Health: -1/16      AC:  2    Str:  7    XL:     2   Next: 13%
Magic:  3/3        EV: 19    Int: 11    God:
Gold:   18         SH:  0    Dex: 17    Spells: 1/1 levels left

rFire   . . .        a - +0 short sword
rCold   . . .        (no shield)
rNeg    . . .        b - +0 robe
rPois   .            (helmet restricted)
rElec   .            (no cloak)
rCorr   .            (gloves unavailable)
SInv    +            (boots unavailable)
Will    .....        (no amulet)
Stlth   ++           (no ring)
HPRegen 0.22/turn    (no ring)
MPRegen 0.08/turn

%: no passive effects
@: very quick
A: very small, no large weapons, unfitting armour, see invisible, speed 3
a: no special abilities


You were on level 4 of the Dungeon.
You visited 1 branch of the dungeon, and saw 4 of its levels.

You collected 18 gold pieces.

Inventory:

Hand Weapons
 a - a +0 short sword (weapon)
Armour
 b - a +0 robe (worn)
Jewellery
 f - a ring of positive energy
Scrolls
 d - a scroll of teleportation {unknown}
 e - a scroll of acquirement {unknown}
Potions
 c - a potion of ambrosia


   Skills:
 + Level 2.6 Fighting
 - Level 3.2 Short Blades
 * Level 4.6 Dodging


You had one spell level left.
You didn't know any spells.
Your spell library was empty.

Dungeon Overview and Level Annotations

Branches:
Dungeon (4/15)
 Temple: D:4-7

Altars:

Shops:
D:4 =

Annotations:
D:4 2 runed translucent doors, Pikel


Innate Abilities, Weirdness & Mutations

You are very small and have problems with some larger weapons.
You are too small for most types of armour.
You have supernaturally acute eyesight. (SInv)
You cover ground extremely quickly. (Speed+++)


Message History

The hobgoblin is moderately wounded.
The hobgoblin hits you.
You hit the hobgoblin.
You kill the hobgoblin!
A goblin comes into view. It is wielding a +0 club.
The goblin shouts!
You hit the goblin.
The goblin is severely wounded.
The goblin hits you with a +0 club.
You barely miss the goblin.
The goblin is severely wounded.
The goblin completely misses you.
You hit the goblin but do no damage.
The goblin is severely wounded.
The goblin barely misses you.
You hit the goblin.
You kill the goblin!
HP restored.
You see here a +0 club.
Found a ring mail.
You see here a +0 ring mail.
A lemure comes into view.
Found a knobbly emerald ring.
Found a large runed translucent door.
You see here a scroll labelled WYXAUMEFFU.
Found a hand axe.
Pikel, Merchant of Souls comes into view.
He is wielding a +0 whip of freezing, wearing a +2 robe of willpower and carrying a wand of mindburst.
Found 15 gold pieces. 2 lemures come into view.
Pikel shouts!
The lemure shouts! x2
As you open the door, it creaks loudly!
You hear a bark!
You hear a shout!
You hear an angry hiss.
An endoplasm comes into view.
The lemure hits you.
Found a faintly glowing long sword.
A kobold comes into view.
It is wielding a +2 dagger of electrocution and quivering poisoned darts.
The lemure hits you!
Ouch! That really hurt!
* * * LOW HITPOINT WARNING * * *
The lemure attacks as it pursues you! The lemure hits you.
You die...

.#.#.###..#..)#.#
##∩#.# ##...###.#
#.#......#####.#
#.#####........#
##
#........####.?##
.# ##...###..
#...###K#
####...###.
#.#..J..#
.##..#.#
#...#...5#.##
....##.#
##....@5..#
.......#
###..###5+...cs
.#####.# #..
#.+..D.. .# ..
...# 5K#ß.... .#
## #..) ..##ß$)ß
.# ...#. ... ####
.# .#### ##.. ...
.. .# #. #.


You could see a steam dragon (asleep), 3 lemures, an endoplasm and a kobold.

Vanquished Creatures
  A giant cockroach (D:1)
  A goblin (D:4)
  A hobgoblin (D:4)
  2 jackals (D:1)
  A quokka (D:1)
  2 ball pythons
  A rat (D:1)
9 creatures vanquished.

Notes
Turn   | Place    | Note
-------+----------+-------------------------------------------
     0 | D:1      | Bravepunisher the Spriggan Monk began the quest for the
                  | Orb.
     0 | D:1      | Reached XP level 1. HP: 11/11 MP: 2/2
   142 | D:3      | Reached XP level 2. HP: 16/16 MP: 3/3
   156 | D:4      | Found Gelyg's Jewellery Boutique.
   204 | D:4      | Found a large runed translucent door.
   204 | D:4      | Noticed a lemure
   208 | D:4      | Found a large runed translucent door.
   208 | D:4      | Noticed Pikel
   209 | D:4      | Noticed a lemure
   209 | D:4      | Noticed a lemure
   212 | D:4      | Noticed a centaur
   212 | D:4      | Noticed a steam dragon
   212 | D:4      | Noticed a scorpion
   214 | D:4      | Slain by a lemure

Illustrated notes

Levels and vault maps discovered:
D:1:      co_arrival_square_in_a_square_in_a_square, layout_rooms,
          chequers_serial_rivers_large_a, supply_closet_lemuel,
          minmay_misc_feat_chi, minmay_cut_off
D:2:      kennysheep_the_goblin_king, layout_loops_ring, minmay_between
D:3:      layout_basic, uniq_sigmund
D:4:      layout_rooms, serial_shops, shop, shop_fountains, shop, shop,
          minmay_hollow_rounded_squares, uniq_duvessa, uniq_natasha, uniq_pikel

Action                     || total
---------------------------++-------
  Melee: Short sword       ||    28
         Punch             ||     1
 Armour: Robe              ||     5
  Dodge: Dodged            ||    28

Table legend: (Time is in decaauts)
 A = Elapsed time spent in this place.
 B = Non-inter-level travel time spent in this place.
 C = Inter-level travel time spent in this place.
 D = Time resting spent in this place.
 E = Time spent auto-exploring this place.
 F = Levels seen in this place.
 G = Mean time per level.
                   A        B        C        D        E       F      G
               +--------+--------+--------+--------+--------+-----+--------+
         Total |    144 |    144 |      0 |      0 |     63 |   4 |   36.0 |
       Dungeon |    144 |    144 |      0 |      0 |     63 |   4 |   36.0 |
               +--------+--------+--------+--------+--------+-----+--------+

Top non-repeatable levels by time:
     D:1: 66 daAuts
     D:4: 44 daAuts
     D:3: 21 daAuts
     D:2: 12 daAuts
